 Dungeon Crawl Stone Soup version 0.29.0-4-gdea44cf6ec (webtiles) character file.

Game seed: 9826333817510005709

10447 qw the Grappler (level 11, -9/105 HPs)
             Began as a Troll Cinder Acolyte on Sept 3, 2022.
             Was a Priest of Ignis.
             Mangled by an orange demon (12 damage)
             ... summoned by an obsidian statue
             ... in a Gauntlet.
             The game lasted 00:04:50 (8974 turns).

qw the Grappler (Troll Cinder Acolyte)              Turns: 8974, Time: 00:04:50

Health: -9/105     AC:  3    Str: 34    XL:     11   Next: 36%
Magic:  11/11      EV:  9    Int: 12    God:    Ignis [***...]
Gold:   214        SH:  0    Dex:  6    Spells: 12/12 levels left

rFire   . . .      SeeInvis .     - Unarmed
rCold   . . .      Faith    .   (no shield)
rNeg    . . .      Spirit   .   d - +2 robe {Will+}
rPois   .          Reflect  .   w - +2 hat
rElec   .          Harm     .   e - scarf {repulsion}
rCorr   .          Rampage  .   (gloves unavailable)
Will    ++...      NoTele   +   (boots unavailable)
Stlth   ++........              p - amulet of regeneration
HPRegen 1.87/turn               k - +6 ring of strength
MPRegen 0.12/turn               n - ring of the Cricket {rF- Will+ Int+2 Dex+3 Stlth+}

@: lethally poisoned (-9 -> -24), weakened, corroded, fiery-armoured,
mesmerised, repel missiles
A: large, unfitting armour, claws 3, regeneration 1, shaggy fur 1, tough skin 1,
clumsy 1, MP-powered wands
a: Renounce Religion, Fiery Armour, Foxfire Swarm, Rising Flame


You were in a Gauntlet.
You worshipped Ignis.
Ignis was most pleased with you.
You visited 2 branches of the dungeon, and saw 9 of its levels.
You also visited: Gauntlet.

You collected 596 gold pieces.
You spent 382 gold pieces at shops.


Innate Abilities, Weirdness & Mutations

You are too large for most types of armour.
You have claws for hands.
Your natural rate of healing is unusually fast.
You are covered in fur. (AC +1)
You have tough skin. (AC +1)
You are clumsy. (Dex -2)
You expend magic power (3 MP) to strengthen your wands.


   Skills:
 - Level 6.1 Fighting
 - Level 6.4 Throwing
 - Level 2.2 Dodging
 + Level 14.9 Unarmed Combat
 - Level 1.0 Spellcasting
 - Level 2.1 Fire Magic


You had 12 spell levels left.
You didn't know any spells.
Your spell library contained the following spells:

 Spells                   Type           Power      Damage    Failure   Level
 Scorch                   Fire           10%        2d5       19%         2

Inventory:

Missiles
 m - 3 boomerangs (quivered)
Armour
 d - a +2 robe of willpower (worn)
 e - a scarf of repulsion (worn)
 g - +0 steam dragon scales
 u - a +0 robe of fire resistance
 w - a +2 hat (worn)
Jewellery
 k - a +6 ring of strength (left claw)
 n - the ring of the Cricket (right claw) {rF- Will+ Int+2 Dex+3 Stlth+}
   (You found it on level 7 of the Dungeon)

   [ring of willpower]

   Int:       It affects your intelligence (+2).
   Dex:       It affects your dexterity (+3).
   rF:        It makes you vulnerable to fire.
   Will:      It increases your willpower.
   Stlth:     It makes you more stealthy.
 p - an amulet of regeneration (around neck)
 x - a ring of willpower
Scrolls
 j - a scroll of brand weapon
 s - 2 scrolls of identify
 v - a scroll of teleportation
Potions
 a - a potion of might
 b - 2 potions of haste
 c - 2 potions of mutation
 f - 2 potions of resistance
 o - 2 potions of curing

Dungeon Overview and Level Annotations

Branches:
Dungeon (8/15)             Temple (0/1) D:5            Lair (1/5) D:8
Gauntlet (1/1)

Altars:
Fedhas
Hepliaklqana
Qazlal
Ru
Vehumet
Wu Jian
Xom

Shops:
D:6 *==:

Annotations:
Gauntlet 9 transporters


Message History

There is a transporter landing site, spattered with blood here.
8969 ||| DRINKING potion of heal wounds.
You feel much better.
You feel sick. The orange demon barely misses you. x2
You scratch the orange demon but do no damage.
The orange demon is lightly wounded.
You feel sick. The orange demon stings you.
You are more poisoned.
The orange demon poisons you!
The orange demon is burned by your cloak of flames.
The orange demon is moderately wounded.
The orange demon hits you.
You feel your attacks grow feeble.
The orange demon is burned by your cloak of flames.
The orange demon is moderately wounded.
You scratch the orange demon.
The orange demon is moderately wounded.
You feel very sick. The orange demon barely misses you.
The orange demon hits you.
The orange demon is burned by your cloak of flames.
The orange demon is heavily wounded.
You scratch the orange demon but do no damage.
The orange demon is heavily wounded.
You feel very sick.
The obsidian statue's eyes glow briefly.
The orange demon stings you.
You are lethally poisoned!
The orange demon poisons you!
The orange demon is burned by your cloak of flames.
The orange demon is severely wounded.
The orange demon barely misses you.
You claw the orange demon!
The orange demon is almost dead.
You feel extremely sick.
You closely miss the orange demon.
The orange demon is almost dead.
You feel very sick.
The quasit disappears in a puff of smoke!
The orange demon stings you!
You die...

## ### ### ### ###
##~###~###~###~###~##
#~~~#~~~#~~~#~~~#~~~####
#~..................~~#
##...#########.PP.P..~#
##~.7.#.....#.#.7.PP...####
#~~.P.#.###.#5#...P.PP..~~#
##~...#)^.###4###.7.7.7..~#
##...#^..@448#^#.........#
##~.7.#=^.###.#.#########..
#~~.P.#:###.#.#.#..8#8..#..
##~...#.....#.#.#[..8...#..
##.P.#########.#..8.8.8###
##~.7.........#^#^8%^.8##^#
# #
#~~.P.#########.#..8.8.8#.#
#..
##~...#...s##y#.#...8...#.#
.##.7.
##...##..##ss#.#..8#8..#.#


You could see an obsidian statue (mesmerising), an orange demon (summoned), a
moth of wrath, an ice devil (summoned) and a rust devil (summoned).

Vanquished Creatures
  Gastronok (D:8)
  A hydra (Lair:1)
  A tengu warrior (Gauntlet)
  Pikel (D:7)
  Maggie (D:7)
  2 cane toads (Lair:1)
  A tengu conjurer (Gauntlet)
  2 komodo dragons (D:8)
  A queen bee (Gauntlet)
  Grinder (D:5)
  Sigmund (D:6)
  A wyvern (D:7)
  A shadow (D:6)
  4 basilisks (D:8)
  5 yaks
  4 steam dragons
  2 vampire mosquitoes (D:8)
  2 water moccasins (Lair:1)
  Duvessa (D:5)
  A sky beast (D:8)
  An ice beast (D:7)
  2 ogres
  2 wolves (Lair:1)
  A lemure (D:7)
  A phantom (D:7)
  3 centaurs
  A kobold brigand (D:4)
  3 necrophages
  A scorpion (D:5)
  A gnoll sergeant (D:4)
  3 bullfrogs
  8 wights (D:8)
  Dowan (D:5)
  6 killer bees (Gauntlet)
  A howler monkey (D:8)
  2 hounds
  A gnoll bouda (D:8)
  3 jellies
  4 orc priests
  6 iguanas
  Natasha (twice) (D:2)
  Terence (D:3)
  4 orc wizards
  10 gnolls
  2 adders
  A shadow imp (D:7)
  2 white imps (D:7)
  A worm (D:2)
  2 dart slugs
  20 orcs
  7 endoplasms
  3 giant cockroaches
  7 goblins
  8 hobgoblins
  6 jackals
  7 quokkas
  8 ball pythons
  2 bats (D:1)
  6 frilled lizards
  11 kobolds
  6 rats
  A spectral kobold (D:6)
202 creatures vanquished.

Vanquished Creatures (others)
  2 fungi
  5 plants (D:7)
7 creatures vanquished.

Grand Total: 209 creatures vanquished

Notes
Turn   | Place    | Note
-------+----------+-------------------------------------------
     0 | D:1      | qw the Troll Cinder Acolyte began the quest for the Orb.
     0 | D:1      | Reached XP level 1. HP: 22/22 MP: 1/1
     0 | D:1      | 0 ||| qw: Version: 0.1-a-102-g441f92d
     0 | D:1      | 0 ||| qw: Game counter: 5206
     0 | D:1      | 0 ||| qw: Always use a shield: true
     0 | D:1      | 0 ||| qw: God list: Okawaru
     0 | D:1      | 0 ||| qw: Allow faded altars: false
     0 | D:1      | 0 ||| qw: Do Orc after D:15 true
     0 | D:1      | 0 ||| qw: Do second Lair branch before Depths: true
     0 | D:1      | 0 ||| qw: Lair rune preference: random
     0 | D:1      | 0 ||| qw: Plans: Normal
     0 | D:1      | 0 ||| PLANNING D:1-11
   309 | D:1      | Reached XP level 2. HP: 29/29 MP: 2/2
   352 | D:1      | Found a faded altar of an unknown god.
   381 | D:1      | 381 ||| Stepping ~*~*~tactically~*~*~ (outnumbered).
   382 | D:1      | 382 ||| Stepping ~*~*~tactically~*~*~ (outnumbered).
   393 | D:1      | 393 ||| Stepping ~*~*~tactically~*~*~ (outnumbered).
   395 | D:1      | Reached skill level 4 in Unarmed Combat
   475 | D:1      | 475 ||| Stepping ~*~*~tactically~*~*~ (outnumbered).
   516 | D:1      | Reached XP level 3. HP: 36/36 MP: 3/3
   590 | D:1      | 590 ||| UPGRADING to scarf of repulsion.
   595 | D:1      | 595 ||| READING scroll labelled UREOPH JAMNAB.
   596 | D:1      | 596 ||| READING scroll labelled SEIPPOI PODUOF.
   614 | D:1      | 614 ||| READING scroll labelled XESIUTU ZOITU.
   618 | D:1      | 618 ||| READING scroll labelled QETUODW MURO.
   701 | D:2      | 701 ||| Stepping ~*~*~tactically~*~*~ (stealth).
   706 | D:2      | 706 ||| Stepping ~*~*~tactically~*~*~ (stealth).
   995 | D:2      | 995 ||| READING 2 scrolls labelled GEFUEH OSUSI.
   996 | D:2      | 996 ||| Stepping randomly (stuck).
  1021 | D:2      | Noticed Natasha
  1027 | D:2      | Killed Natasha
  1028 | D:2      | Reached skill level 5 in Unarmed Combat
  1028 | D:2      | Reached XP level 4. HP: 34/44 MP: 4/4
  1065 | D:2      | 1065 ||| Stepping ~*~*~tactically~*~*~ (stealth).
  1120 | D:2      | 1120 ||| Stepping randomly (stuck).
  1121 | D:2      | 1121 ||| Stepping randomly (stuck).
  1122 | D:2      | 1122 ||| Stepping randomly (stuck).
  1124 | D:2      | 1124 ||| Stepping randomly (stuck).
  1223 | D:2      | Noticed Natasha
  1229 | D:2      | Killed Natasha
  1239 | D:2      | 1239 ||| Stepping ~*~*~tactically~*~*~ (stealth).
  1530 | D:3      | 1530 ||| Stepping ~*~*~tactically~*~*~ (stealth).
  1561 | D:3      | 1561 ||| Stepping ~*~*~tactically~*~*~ (stealth).
  1566 | D:3      | 1566 ||| Stepping ~*~*~tactically~*~*~ (stealth).
  1777 | D:3      | Reached XP level 5. HP: 50/50 MP: 5/5
  1956 | D:3      | Noticed Terence
  1962 | D:3      | Killed Terence
  1963 | D:3      | Reached skill level 6 in Unarmed Combat
  1974 | D:3      | 1974 ||| UPGRADING to +6 ring of strength.
  1975 | D:3      | 1975 ||| READING scroll labelled EME ONNOONUELA.
  1976 | D:3      | 1976 ||| READING scroll labelled IKHYWK RUSITI.
  1977 | D:3      | 1977 ||| DRINKING 2 fuming yellow potions.
  2023 | D:4      | 2023 ||| Stepping ~*~*~tactically~*~*~ (stealth).
  2024 | D:4      | 2024 ||| Stepping ~*~*~tactically~*~*~ (stealth).
  2030 | D:4      | 2030 ||| Stepping ~*~*~tactically~*~*~ (hiding).
  2060 | D:4      | 2060 ||| Stepping ~*~*~tactically~*~*~ (stealth).
  2074 | D:4      | 2074 ||| Stepping ~*~*~tactically~*~*~ (stealth).
  2076 | D:4      | 2076 ||| Stepping ~*~*~tactically~*~*~ (stealth).
  2078 | D:4      | 2078 ||| INVOKING Fiery Armour.
  2115 | D:4      | 2115 ||| Stepping ~*~*~tactically~*~*~ (hiding).
  2116 | D:4      | 2116 ||| Stepping ~*~*~tactically~*~*~ (hiding).
  2118 | D:4      | 2118 ||| Stepping ~*~*~tactically~*~*~ (hiding).
  2119 | D:4      | 2119 ||| Stepping ~*~*~tactically~*~*~ (hiding).
  2128 | D:4      | 2128 ||| Stepping ~*~*~tactically~*~*~ (outnumbered).
  2130 | D:4      | HP: 8/50 [gnoll sergeant/+0 trident of protection (8)]
  2131 | D:4      | 2131 ||| DRINKING potion of heal wounds.
  2135 | D:4      | Reached XP level 6. HP: 13/59 MP: 6/6
  2135 | D:4      | 2135 ||| Stepping ~*~*~tactically~*~*~ (outnumbered).
  2248 | D:4      | Reached skill level 7 in Unarmed Combat
  2303 | D:4      | Identified the +0 ring mail of Fortitude {rElec rCorr Str+5
                  | Dex+4}
  2470 | D:4      | 2470 ||| Stepping ~*~*~tactically~*~*~ (stealth).
  2540 | D:4      | 2540 ||| Stepping ~*~*~tactically~*~*~ (hiding).
  3166 | D:4      | Found the +7 Throatcutter {drain, coup de grace}
  3167 | D:4      | 3167 ||| INVOKING Fiery Armour.
  3386 | D:5      | Entered Level 5 of the Dungeon
  3387 | D:5      | 3387 ||| STAIRDANCE
  3399 | D:5      | Reached skill level 8 in Unarmed Combat
  3399 | D:5      | Reached XP level 7. HP: 60/66 MP: 7/7
  3400 | D:5      | 3400 ||| STAIRDANCE
  3518 | D:5      | 3518 ||| Stepping ~*~*~tactically~*~*~ (outnumbered).
  3538 | D:5      | Reached skill level 3 in Fighting
  3656 | D:5      | 3656 ||| Stepping ~*~*~tactically~*~*~ (hiding).
  3657 | D:5      | 3657 ||| Stepping ~*~*~tactically~*~*~ (hiding).
  3658 | D:5      | 3658 ||| Stepping ~*~*~tactically~*~*~ (hiding).
  3659 | D:5      | 3659 ||| Stepping ~*~*~tactically~*~*~ (hiding).
  3705 | D:5      | Found a shimmering altar of Xom.
  3820 | D:5      | Reached skill level 1 in Throwing
  3873 | D:5      | Noticed Grinder
  3875 | D:5      | 3875 ||| FLEEEEING.
  3876 | D:5      | 3876 ||| FLEEEEING.
  3877 | D:5      | 3877 ||| Stepping ~*~*~tactically~*~*~ (hiding).
  3881 | D:5      | Paralysed by Grinder for 4 turns
  3895 | D:5      | Killed Grinder
  3896 | D:5      | Reached skill level 3 in Throwing
  3997 | D:5      | Noticed Dowan
  3998 | D:5      | 3998 ||| Stepping ~*~*~tactically~*~*~ (hiding).
  3999 | D:5      | 3999 ||| Stepping ~*~*~tactically~*~*~ (hiding).
  4000 | D:5      | 4000 ||| Stepping ~*~*~tactically~*~*~ (hiding).
  4001 | D:5      | 4001 ||| Stepping ~*~*~tactically~*~*~ (hiding).
  4004 | D:5      | 4004 ||| Stepping ~*~*~tactically~*~*~ (hiding).
  4011 | D:5      | Killed Dowan
  4047 | D:5      | Noticed Duvessa
  4052 | D:5      | 4052 ||| INVOKING Fiery Armour.
  4052 | D:5      | HP: 15/67 [Duvessa/+0 rapier (19)]
  4052 | D:5      | HP: 7/67 [Duvessa/+0 rapier (8)]
  4054 | D:5      | Killed Duvessa
  4055 | D:5      | Reached XP level 8. HP: 9/75 MP: 8/8
  4182 | D:5      | You fall into a shaft and drop 1 floor!
  4186 | D:6      | 4186 ||| READING scroll labelled ZABAZIY JUOJAO.
  4187 | D:6      | 4187 ||| DRINKING 2 emerald potions.
  4187 | D:6      | Gained mutation: You are clumsy. (Dex -2) [potion of
                  | mutation]
  4187 | D:6      | Gained mutation: You expend magic power (3 MP) to
                  | strengthen your wands. [potion of mutation]
  4188 | D:6      | Found Hanoniv's Jewellery Shoppe.
  4272 | D:5      | Found a radiant altar of Vehumet.
  4404 | D:5      | Found a staircase to the Ecumenical Temple.
  4565 | D:6      | 4565 ||| SHOPLISTING +4 ring of evasion (432 gold, have
                  | 372).
  4565 | D:6      | 4565 ||| SHOPLISTING +6 ring of dexterity (432 gold, have
                  | 372).
  4565 | D:6      | 4565 ||| BUYING amulet of regeneration (360 gold).
  4565 | D:6      | Bought an amulet of regeneration for 360 gold pieces
  4565 | D:6      | 4565 ||| SHOPLISTING ring of poison resistance (240 gold,
                  | have 12).
  4604 | D:6      | Reached skill level 9 in Unarmed Combat
  4779 | D:6      | Found a blossoming altar of Fedhas.
  4782 | D:6      | Found a stormy altar of Qazlal.
  4796 | D:6      | Noticed Sigmund
  4805 | D:6      | Killed Sigmund
  4806 | D:6      | Reached skill level 10 in Unarmed Combat
  4903 | D:6      | 4903 ||| Stepping ~*~*~tactically~*~*~ (stealth).
  4943 | D:6      | Found Egurphurph's Book Emporium.
  5154 | D:6      | Found a hazy altar of Hepliaklqana.
  5235 | D:6      | Found Zehich's Jewellery Boutique.
  5238 | D:6      | 5238 ||| SHOPLISTING +4 ring of evasion (396 gold, have
                  | 40).
  5238 | D:6      | 5238 ||| SHOPLISTING +4 ring of protection (396 gold, have
                  | 40).
  5238 | D:6      | 5238 ||| SHOPLISTING +6 ring of dexterity (396 gold, have
                  | 40).
  5238 | D:6      | 5238 ||| SHOPLISTING ring of fire (275 gold, have 40).
  5238 | D:6      | 5238 ||| SHOPLISTING ring of ice (275 gold, have 40).
  5238 | D:6      | 5238 ||| SHOPLISTING ring of positive energy (220 gold,
                  | have 40).
  5238 | D:6      | 5238 ||| SHOPLISTING ring of protection from cold (275
                  | gold, have 40).
  5361 | D:6      | Found Joazuy's General Store.
  5377 | D:6      | 5377 ||| BUYING scroll of identify (22 gold).
  5377 | D:6      | Bought a scroll of identify for 22 gold pieces
  5380 | D:6      | 5380 ||| UPGRADING to +0 robe of willpower.
  5390 | D:6      | 5390 ||| DROPPING +0 robe.
  5391 | D:6      | 5391 ||| UPGRADING to amulet of regeneration.
  5396 | D:6      | 5396 ||| READING scroll labelled HOREUTSA SOLEWN.
  5397 | D:6      | 5397 ||| READING 2 scrolls labelled SUASKI COISUAL.
  5398 | D:6      | 5398 ||| DRINKING 2 sedimented black potions.
  5455 | D:6      | 5455 ||| DRINKING 3 smoky yellow potions.
  5456 | D:6      | 5456 ||| DRINKING 2 pink potions.
  5457 | D:6      | 5457 ||| READING 3 scrolls of identify.
  5457 | D:6      | 5457 ||| IDENTIFYING yellow potion
  5458 | D:6      | 5458 ||| READING 2 scrolls of identify.
  5458 | D:6      | 5458 ||| IDENTIFYING fuming ruby potion
  5459 | D:6      | 5459 ||| DROPPING potion of attraction.
  5460 | D:6      | 5460 ||| DROPPING potion of lignification.
  5461 | D:6      | 5461 ||| DROPPING 2 potions of brilliance.
  5462 | D:6      | 5462 ||| DROPPING potion of flight.
  5463 | D:6      | 5463 ||| DROPPING scroll of butterflies.
  5521 | D:7      | Found a sacrificial altar of Ru.
  5674 | D:7      | Noticed Pikel
  5674 | D:7      | 5674 ||| Stepping ~*~*~tactically~*~*~ (stealth).
  5689 | D:7      | Killed Pikel
  5690 | D:7      | Reached skill level 11 in Unarmed Combat
  5690 | D:7      | Reached XP level 9. HP: 72/84 MP: 9/9
  5993 | D:7      | 5993 ||| Stepping ~*~*~tactically~*~*~ (hiding).
  5996 | D:7      | 5996 ||| INVOKING Fiery Armour.
  6001 | D:7      | 6001 ||| Stepping ~*~*~tactically~*~*~ (hiding).
  6115 | D:7      | Identified the ring of the Cricket {rF- Will+ Int+2 Dex+3
                  | Stlth+}
  6239 | D:7      | 6239 ||| UPGRADING to +2 robe of willpower.
  6255 | D:7      | 6255 ||| DROPPING +0 robe of willpower.
  6257 | D:7      | Noticed Maggie
  6258 | D:7      | 6258 ||| UPGRADING to ring of willpower.
  6259 | D:7      | 6259 ||| UPGRADING to ring of the Cricket {rF- Will+ Int+2
                  | Dex+3 Stlth+}.
  6261 | D:7      | 6261 ||| READING 3 scrolls of identify.
  6261 | D:7      | 6261 ||| IDENTIFYING sapphire potion
  6262 | D:7      | 6262 ||| READING 2 scrolls of identify.
  6262 | D:7      | 6262 ||| IDENTIFYING glowing pink potion
  6264 | D:7      | Found an ornate altar of the Wu Jian Council.
  6267 | D:7      | Reached skill level 1 in Dodging
  6267 | D:7      | 6267 ||| Stepping randomly (cloudy).
  6268 | D:7      | 6268 ||| READING 2 scrolls of teleportation.
  6407 | D:7      | 6407 ||| READING 2 scrolls of teleportation.
  6535 | D:7      | 6535 ||| Stepping ~*~*~tactically~*~*~ (stealth).
  6544 | D:7      | Killed Maggie
  6545 | D:7      | Reached skill level 12 in Unarmed Combat
  6629 | D:8      | 6629 ||| Stepping ~*~*~tactically~*~*~ (stealth).
  6649 | D:8      | 6649 ||| Stepping ~*~*~tactically~*~*~ (cloud).
  6651 | D:8      | 6651 ||| FLEEEEING.
  6652 | D:8      | 6652 ||| FLEEEEING.
  6658 | D:8      | 6658 ||| FLEEEEING.
  6668 | D:8      | 6668 ||| Stepping ~*~*~tactically~*~*~ (stealth).
  6670 | D:8      | 6670 ||| Stepping ~*~*~tactically~*~*~ (stealth).
  6702 | D:8      | 6702 ||| Stepping ~*~*~tactically~*~*~ (stealth).
  6709 | D:8      | 6709 ||| Stepping ~*~*~tactically~*~*~ (hiding).
  6710 | D:8      | 6710 ||| Stepping ~*~*~tactically~*~*~ (hiding).
  6711 | D:8      | 6711 ||| Stepping ~*~*~tactically~*~*~ (hiding).
  6716 | D:8      | 6716 ||| Stepping ~*~*~tactically~*~*~ (stealth).
  6717 | D:8      | 6717 ||| Stepping ~*~*~tactically~*~*~ (outnumbered).
  6739 | D:8      | 6739 ||| Stepping ~*~*~tactically~*~*~ (stealth).
  6821 | D:8      | Identified the +2 ring mail of Agnosticism {Rampage}
  6836 | D:8      | Reached XP level 10. HP: 96/96 MP: 10/10
  6850 | D:8      | 6850 ||| Stepping ~*~*~tactically~*~*~ (cloud).
  6855 | D:8      | Noticed Gastronok
  6865 | D:8      | Killed Gastronok
  6866 | D:8      | Reached skill level 13 in Unarmed Combat
  6964 | D:8      | 6964 ||| FLEEEEING.
  6965 | D:8      | 6965 ||| FLEEEEING.
  6966 | D:8      | 6966 ||| FLEEEEING.
  7082 | D:8      | 7082 ||| Stepping ~*~*~tactically~*~*~ (stealth).
  7090 | D:8      | 7090 ||| FLEEEEING.
  7091 | D:8      | 7091 ||| FLEEEEING.
  7092 | D:8      | 7092 ||| FLEEEEING.
  7096 | D:8      | Reached skill level 14 in Unarmed Combat
  7122 | D:8      | 7122 ||| Stepping ~*~*~tactically~*~*~ (hiding).
  7224 | D:8      | 7224 ||| Stepping ~*~*~tactically~*~*~ (hiding).
  7326 | D:8      | 7326 ||| Stepping ~*~*~tactically~*~*~ (hiding).
  7428 | D:8      | 7428 ||| Stepping ~*~*~tactically~*~*~ (hiding).
  7530 | D:8      | 7530 ||| Stepping ~*~*~tactically~*~*~ (hiding).
  7632 | D:8      | 7632 ||| Stepping ~*~*~tactically~*~*~ (hiding).
  7738 | D:8      | 7738 ||| INVOKING Fiery Armour.
  7741 | D:8      | 7741 ||| FLEEEEING.
  7748 | D:8      | 7748 ||| FLEEEEING.
  7749 | D:8      | 7749 ||| FLEEEEING.
  7750 | D:8      | 7750 ||| FLEEEEING.
  7751 | D:8      | 7751 ||| FLEEEEING.
  7752 | D:8      | 7752 ||| FLEEEEING.
  7753 | D:8      | 7753 ||| FLEEEEING.
  7754 | D:8      | 7754 ||| FLEEEEING.
  7755 | D:8      | 7755 ||| FLEEEEING.
  7758 | D:8      | 7758 ||| FLEEEEING.
  7760 | D:8      | 7760 ||| FLEEEEING.
  7761 | D:8      | 7761 ||| FLEEEEING.
  7762 | D:8      | 7762 ||| FLEEEEING.
  7763 | D:8      | 7763 ||| FLEEEEING.
  7764 | D:8      | 7764 ||| FLEEEEING.
  7765 | D:8      | 7765 ||| FLEEEEING.
  7766 | D:8      | 7766 ||| FLEEEEING.
  7793 | D:8      | 7793 ||| Stepping ~*~*~tactically~*~*~ (cloud).
  7794 | D:8      | 7794 ||| READING scroll labelled MOLOEPLA PENIE.
  7814 | D:8      | Reached skill level 6 in Fighting
  7856 | D:8      | Found a staircase to the Lair.
  8028 | D:8      | 8028 ||| PLANNING LAIR
  8028 | D:8      | 8028 ||| UPGRADING to +1 hat.
  8033 | D:8      | 8033 ||| READING scroll of enchant armour.
  8033 | D:8      | 8033 ||| ENCHANTING +1 hat.
  8034 | D:8      | 8034 ||| READING scroll labelled YNEOG JUEMMUV.
  8035 | D:8      | 8035 ||| DRINKING 2 fuming green potions.
  8136 | D:8      | 8136 ||| DRINKING 2 murky dark potions.
  8137 | D:8      | 8137 ||| READING 3 scrolls of identify.
  8137 | D:8      | 8137 ||| IDENTIFYING fuming sapphire potion
  8138 | D:8      | 8138 ||| READING 2 scrolls of identify.
  8138 | D:8      | 8138 ||| IDENTIFYING viscous grey potion
  8139 | D:8      | 8139 ||| DROPPING potion of magic.
  8140 | D:8      | 8140 ||| DROPPING potion of ambrosia.
  8141 | D:8      | 8141 ||| DROPPING potion of degeneration.
  8230 | Lair:1   | Entered Level 1 of the Lair of Beasts
  8230 | Lair:1   | Noticed a seven-headed hydra
  8231 | Lair:1   | 8231 ||| PLANNING GAUNTLET
  8231 | Lair:1   | 8231 ||| INVOKING Fiery Armour.
  8236 | Lair:1   | Killed a nine-headed hydra
  8284 | Lair:1   | 8284 ||| Stepping ~*~*~tactically~*~*~ (stealth).
  8285 | Lair:1   | 8285 ||| Stepping ~*~*~tactically~*~*~ (stealth).
  8378 | Lair:1   | Noticed a cane toad
  8380 | Lair:1   | Killed a cane toad
  8381 | Lair:1   | Reached XP level 11. HP: 105/105 MP: 11/11
  8384 | Lair:1   | 8384 ||| Stepping ~*~*~tactically~*~*~ (stealth).
  8588 | Lair:1   | Found a gate leading to a gauntlet.
  8589 | Lair:1   | 8589 ||| DROPPING scarf of repulsion.
  8590 | Lair:1   | 8590 ||| READING 3 scrolls of identify.
  8590 | Lair:1   | 8590 ||| IDENTIFYING amethyst potion
  8591 | Lair:1   | 8591 ||| DROPPING potion of berserk rage.
  8600 | Gauntlet | Entered a Gauntlet
  8600 | Gauntlet | Noticed a tengu warrior
  8600 | Gauntlet | Found a transporter.
  8608 | Gauntlet | Found a transporter.
  8609 | Gauntlet | Found a transporter.
  8620 | Gauntlet | Found a transporter.
  8623 | Gauntlet | Found a transporter.
  8624 | Gauntlet | Noticed a sixfirhy
  8625 | Gauntlet | Noticed a sixfirhy
  8628 | Gauntlet | Noticed a sixfirhy
  8632 | Gauntlet | Found a transporter.
  8648 | Gauntlet | Found a transporter.
  8650 | Gauntlet | Noticed a thrashing horror
  8658 | Gauntlet | Found a transporter.
  8669 | Gauntlet | Found a transporter.
  8687 | Gauntlet | Found a transporter.
  8688 | Gauntlet | Noticed an obsidian statue
  8698 | Gauntlet | Found a transporter.
  8698 | Gauntlet | Found a transporter.
  8741 | Gauntlet | Found a transporter.
  8759 | Gauntlet | Found a transporter.
  8854 | Gauntlet | Killed a tengu warrior
  8855 | Gauntlet | Reached skill level 6 in Throwing
  8882 | Gauntlet | 8882 ||| INVOKING Fiery Armour.
  8883 | Gauntlet | 8883 ||| Stepping ~*~*~tactically~*~*~ (outnumbered).
  8889 | Gauntlet | 8889 ||| Stepping ~*~*~tactically~*~*~ (outnumbered).
  8946 | Gauntlet | Noticed a sun demon
  8959 | Gauntlet | 8959 ||| Stepping ~*~*~tactically~*~*~ (outnumbered).
  8968 | Gauntlet | HP: 24/105 [orange demon[an obsidian statue] (6)]
  8969 | Gauntlet | 8969 ||| DRINKING potion of heal wounds.
  8973 | Gauntlet | HP: 7/105 [poisoned by an orange demon]
  8974 | Gauntlet | HP: 3/105 [poisoned by an orange demon]
  8974 | Gauntlet | Mangled by an orange demon

Levels and vault maps discovered:
D:1:      minmay_arrival_arboretum_small, layout_basic,
          hellmonk_ecumenical_altar_dog_temple
D:2:      layout_basic, hex_medium, eino_tiny_chamber, minmay_strange_pillars,
          uniq_natasha
D:3:      layout_basic, hex_large, uniq_terence
D:4:      layout_layer_cave, dilly_guarded_unrand_throatcut
D:5:      layout_gridville, dk_xom_monty_hall, general_overflow_altar,
          minmay_temple_entry_poolview, uniq_duvessa, uniq_grinder
D:6:      layout_basic, grunt_temple_overflow_forces_of_nature,
          nicolae_hepliaklqana_monster_ancestors, serial_shops,
          nicolae_square_shop, kennysheep_mini, nicolae_shop_stone,
          nicolae_shop_waterfront, uniq_sigmund
D:7:      layout_basic, mainiacjoe_overflow_chevrons,
          nicolae_ru_sacrificial_ziggurat, uniq_pikel, uniq_maggie
D:8:      layout_rooms, erik_lair_dragon, minmay_bent, uniq_gastronok
Lair:1:   layout_layer_cave, gauntlet_entry_generic, beast_lair_carwin_5
Gauntlet: minmay_gauntlet_77_tree [minmay_gauntlet_arena_77_tiled_triplets,
          minmay_gauntlet_arena_77_terracotta_army,
          minmay_gauntlet_arena_77_two_paths, minmay_gauntlet_arena_77_mirror,
          minmay_gauntlet_arena_77_fan, minmay_gauntlet_arena_77_chump_sandwich,
          minmay_gauntlet_arena_77_braids, gauntlet_exit_green]

Skill      XL: |  1  2  3  4  5  6  7  8  9 10 11 |
---------------+----------------------------------+-----
Unarmed Combat | 4 5 6 8 11 12 14 | 14.9
Fighting       | 3 4 5 6 |  6.1
Throwing       | 3 5 6 |  6.4
Dodging        | 1 2 |  2.2
Spellcasting   | |  1.0
Fire Magic     | |  2.1

Action                   |  1- 3 |  4- 6 |  7- 9 | 10-12 || total
-------------------------+-------+-------+-------+-------++-------
Melee: Unarmed           |   101 |   141 |   174 |   139 ||   555
       Punch             |     1 |     2 |     9 |     8 ||    20
Throw: Large rock        |       |       |    32 |    20 ||    52
       Boomerang         |       |       |     1 |     8 ||     9
Invok: Fiery Armour      |       |     2 |     2 |     3 ||     7
  Use: Scroll            |     5 |     2 |     9 |     6 ||    22
       Potion            |       |     2 |     4 |     3 ||     9
Armor: Robe              |    33 |    32 |    29 |    58 ||   152
       Skin              |       |       |     1 |       ||     1
Dodge: Dodged            |    52 |    51 |    46 |    52 ||   201
       Repelled          |       |     1 |     3 |       ||     4

Table legend:
 A = Non-vault XP
 B = Vault XP
 C = Vault XP percentage of total XP
 D = Non-vault monster count
 E = Vault monster count
 F = Vault count percentage of total count
                 A         B        C        D         E       F
            +---------+---------+-------+---------+---------+-------
      Total |    7156 |    7769 |  52.1 |     154 |      47 |  23.4
            +---------+---------+-------+---------+---------+-------
        D:1 |      37 |       4 |   9.8 |      22 |       2 |   8.3
        D:2 |      79 |      36 |  31.3 |      18 |       1 |   5.3
        D:3 |      43 |      36 |  45.6 |      20 |       1 |   4.8
        D:4 |     407 |     106 |  20.7 |      24 |       6 |  20.0
        D:5 |     280 |     551 |  66.3 |      13 |       5 |  27.8
        D:6 |     736 |     216 |  22.7 |      15 |       3 |  16.7
        D:7 |    1075 |    1078 |  50.1 |      15 |       2 |  11.8
        D:8 |    1632 |    3617 |  68.9 |      17 |      15 |  46.9
     Lair:1 |    2867 |     277 |   8.8 |      10 |       3 |  23.1
   Gauntlet |       0 |    1848 | 100.0 |       0 |       9 | 100.0
            +---------+---------+-------+---------+---------+-------
